 Dungeon Crawl Stone Soup version 0.29-a0-821-g66395355a5 (webtiles) character file.

Game seed: 10287256794783505700

2354 kevlar127 the Grappler (level 9, -5/89 (93) HPs)
             Began as a Troll Berserker on July 7, 2022.
             Was a Priest of Trog.
             Slain by a wight
             ... wielding a +3 war axe
              (11 damage)
             ... on level 7 of the Dungeon.
             The game lasted 00:10:34 (4952 turns).

kevlar127 the Grappler (Troll Berserker)            Turns: 4952, Time: 00:10:34

HP:   -5/89 (93)    AC:  5    Str: 31    XL:     9   Next: 20%
MP:   0/8           EV: 10    Int:  3    God:    Trog [***...]
Gold: 388           SH:  0    Dex:  9    Spells: 8/8 levels left

rFire   + . .      SeeInvis .     - Unarmed
rCold   . . .      Faith    .   (no shield)
rNeg    . . .      Spirit   +   l - +1 robe {Will+}
rPois   .          Reflect  .   (helmet restricted)
rElec   .          Harm     .   (no cloak)
rCorr   .          Rampage  .   (gloves unavailable)
Will    ++...                   (boots unavailable)
Stlth   +.........              u - amulet of guardian spirit
HPRegen 1.04/turn               r - ring of willpower
MPRegen 0.11/turn               a - ring of protection from fire

@: on berserk cooldown, slowed, lightly drained, very slow
A: large, unfitting armour, claws 3, regeneration 1, shaggy fur 1, tough skin 1
a: Renounce Religion, Berserk, Trog's Hand


You were on level 7 of the Dungeon.
You worshipped Trog.
Trog was most pleased with you.
You visited 1 branch of the dungeon, and saw 7 of its levels.

You collected 424 gold pieces.
You spent 36 gold pieces at shops.

Inventory:

Missiles
 f - 10 poisoned darts (quivered)
 g - 37 stones
 H - 8 boomerangs
Armour
 l - a +1 robe of willpower (worn)
Jewellery
 a - a ring of protection from fire (right claw)
 c - a ring of fire
 r - a ring of willpower (left claw)
 u - an amulet of guardian spirit (around neck)
 G - a ring of see invisible
Wands
 y - a wand of mindburst (12)
 z - a wand of flame (19)
 A - a wand of charming (6)
 B - a wand of quicksilver (8)
 L - a wand of polymorph (5)
 N - a wand of digging (7)
Scrolls
 b - 6 scrolls of identify {unknown}
 d - 2 scrolls of immolation {unknown}
 e - 4 scrolls of vulnerability {unknown}
 i - 2 scrolls of enchant armour {unknown}
 j - 2 scrolls of blinking {unknown}
 n - a scroll of enchant weapon {unknown}
 q - 2 scrolls of magic mapping {unknown}
 t - 3 scrolls of fear {unknown}
 w - 2 scrolls of fog {unknown}
 C - a scroll of summoning {unknown}
 I - a scroll of poison {unknown}
 J - 4 scrolls of teleportation
 M - a scroll of amnesia {unknown}
Potions
 h - a potion of cancellation {unknown}
 k - 4 potions of degeneration {unknown}
 m - 3 potions of might {unknown}
 o - a potion of resistance {unknown}
 p - a potion of invisibility {unknown}
 s - 4 potions of curing
 v - 4 potions of lignification {unknown}
 x - a potion of berserk rage {unknown}
 D - 3 potions of brilliance {unknown}
 E - a potion of attraction {unknown}
 F - a potion of heal wounds {unknown}
 K - a potion of ambrosia {unknown}
 O - a potion of haste {unknown}


   Skills:
 + Level 7.2 Fighting
 - Level 4.0 Throwing
 - Level 2.6 Dodging
 + Level 8.6 Unarmed Combat


You had 8 spell levels left.
You didn't know any spells.
Your spell library was empty.

Dungeon Overview and Level Annotations

Branches:
Dungeon (7/15)             Temple (0/1) D:4

Altars:
Elyvilon
Kikubaaqudgha
Okawaru
Qazlal
Uskayaw
The Shining One
Lugonu

Shops:
D:7 *

Portals:
Abyss: D:3


Innate Abilities, Weirdness & Mutations

You are too large for most types of armour.
You have claws for hands.
Your natural rate of healing is unusually fast.
You are covered in fur. (AC +1)
You have tough skin. (AC +1)


Message History

You are no longer berserk.
You are exhausted.
You feel yourself slow down. The wight hits you but does no damage.
Things that are here:
a +0 mace; a +0 robe You scratch the wight.
The wight is moderately damaged.
The wight barely misses you.
You closely miss the wight. Your claw misses the wight.
The wight is moderately damaged.
The wight barely misses you.
You claw the wight!
The wight is almost destroyed.
Your skin stops crawling.
You feel less strong-willed. The wight barely misses you.
The wight hits you with a +0 hand axe.
* * * LOW HITPOINT WARNING * * *
Unknown command.
You scratch the wight but do no damage.
The wight is almost destroyed.
The wight hits you with a +0 hand axe.
* * * LOW HITPOINT WARNING * * *
You scratch the wight but do no damage.
The wight is almost destroyed.
The wight hits you with a +0 hand axe.
* * * LOW HITPOINT WARNING * * *
You feel drained.
You closely miss the wight. You claw the wight.
You destroy the wight!
Trog accepts your kill. The wight hits you with a +3 war axe.
* * * LOW HITPOINT WARNING * * *
You feel drained.
You scratch the wight.
The wight is moderately damaged.
The wight hits you with a +3 war axe.
* * * LOW HITPOINT WARNING * * *
You barely miss the wight.
The wight is moderately damaged.
The wight hits you with a +3 war axe!
You die...

#.###...## #.#
#.##.###.##
#<# #.#.##
##.# #:# #...#
#># #...##
##.#
#..#.###..#
#..##...#.#
#..###.##.#
#..# #@##.#
#.####z####
#.#.).....#
#.#.†.....#
#...†..†#
..†.._.....#
#.#.†.....#.#
###.....†.#...
#.......# ##


You could see a wight.

Vanquished Creatures
  Grinder (D:4)
  3 yaks (D:7)
  A steam dragon (D:7)
  Menkaure (D:4)
  An orc warrior (D:5)
  2 sky beasts
  An ogre (D:5)
  A phantom (D:5)
  3 necrophages
  A scorpion (D:6)
  3 wights (D:7)
  2 howler monkeys
  4 hounds
  A jelly (D:4)
  An orc priest (D:5)
  4 iguanas
  Ijyb (D:3)
  Jessica (D:3)
  3 orc wizards
  3 gnolls (D:4)
  5 adders
  2 white imps
  A worm (D:2)
  14 orcs
  3 bats
  12 endoplasms
  2 giant cockroaches
  8 goblins
  3 hobgoblins
  9 kobolds
  5 quokkas
  7 ball pythons
  A goblin skeleton (D:4)
  2 goblin zombies (D:4)
  4 hobgoblin zombies (D:4)
  An orc skeleton (D:4)
  3 rats
120 creatures vanquished.

Vanquished Creatures (others)
  2 lurking horrors (D:3)
2 creatures vanquished.

Grand Total: 122 creatures vanquished

Notes
Turn   | Place    | Note
-------+----------+-------------------------------------------
     0 | D:1      | kevlar127 the Troll Berserker began the quest for the Orb.
     0 | D:1      | Reached XP level 1. HP: 22/22 MP: 0/0
   149 | D:1      | Reached XP level 2. HP: 29/29 MP: 1/1
   379 | D:1      | Found a faded altar of an unknown god.
   774 | D:2      | Reached XP level 3. HP: 36/36 MP: 2/2
  1405 | D:3      | Noticed Ijyb
  1412 | D:3      | Killed Ijyb
  1413 | D:3      | Reached skill level 4 in Unarmed Combat
  1413 | D:3      | Reached XP level 4. HP: 43/45 MP: 3/3
  1454 | D:3      | Reached ** piety under Trog
  1475 | D:3      | Found a stormy altar of Qazlal.
  1628 | D:3      | Reached XP level 5. HP: 39/54 MP: 2/4
  1700 | D:3      | Found an iron altar of Okawaru.
  1741 | D:3      | Noticed Jessica
  1742 | D:3      | Killed Jessica
  1775 | D:3      | Found a white marble altar of Elyvilon.
  1828 | D:3      | Found a corrupted altar of Lugonu.
  1828 | D:3      | Found a one-way gate to the infinite horrors of the Abyss.
  2256 | D:4      | Noticed Menkaure
  2257 | D:4      | Found a glowing golden altar of the Shining One.
  2271 | D:4      | Killed Menkaure
  2272 | D:4      | Reached skill level 5 in Unarmed Combat
  2272 | D:4      | Reached XP level 6. HP: 28/63 MP: 2/5
  2326 | D:4      | Found an ancient bone altar of Kikubaaqudgha.
  2614 | D:4      | Noticed Grinder
  2631 | D:4      | Killed Grinder
  2632 | D:4      | Reached skill level 5 in Fighting
  2632 | D:4      | Reached skill level 6 in Unarmed Combat
  2632 | D:4      | Reached XP level 7. HP: 43/72 MP: 4/6
  3006 | D:4      | Reached skill level 1 in Throwing
  3169 | D:4      | Found a staircase to the Ecumenical Temple.
  3293 | D:5      | Entered Level 5 of the Dungeon
  3437 | D:5      | Reached skill level 7 in Unarmed Combat
  3437 | D:5      | Reached XP level 8. HP: 83/83 MP: 7/7
  3533 | D:5      | Reached *** piety under Trog
  4816 | D:7      | Found Xoekhi's General Store.
  4822 | D:7      | Bought a scroll of teleportation for 36 gold pieces
  4894 | D:7      | Found a hide-covered altar of Uskayaw.
  4917 | D:7      | Reached skill level 8 in Unarmed Combat
  4933 | D:7      | Reached XP level 9. HP: 21/92 MP: 1/8
  4942 | D:7      | HP: 6/133 [wight/+0 mace (2)]
  4949 | D:7      | HP: 4/90 [wight/+0 hand axe (2)]
  4952 | D:7      | Slain by a wight

Illustrated notes

Levels and vault maps discovered:
D:1:      minmay_arrival_loop, layout_rooms, shapermc_ecumenical_altar_gd,
          hex_intersection, dreamdust_wishing_well
D:2:      layout_loops_ring, serial_aquarium, aquarium_bridge_long_separate
          [aquarium_subvault_bridge, aquarium_subvault_bridge,
          aquarium_subvault_wall, aquarium_subvault_balcony,
          aquarium_subvault_bridge, aquarium_subvault_bridge],
          aquarium_bridge_square [aquarium_subvault_bridge,
          aquarium_subvault_bridge, aquarium_subvault_bridge,
          aquarium_subvault_balcony], aquarium_window_1,
          aquarium_window_corridor_1, aquarium_window_1, aquarium_view_2d,
          minmay_tromino_v4_b
D:3:      layout_rooms, okawaru_trees_2, lemuel_round_altar,
          lemuel_coloured_pillars_altar, minmay_misc_feat_columns,
          amcnicky_altar_lugonu_corruption, uniq_ijyb, uniq_jessica
D:4:      layout_basic, nicolae_tso_besieged_by_evil, amcnicky_altar_gilded,
          minmay_temple_entry_fiery, uniq_grinder, uniq_menkaure
D:5:      layout_basic
D:6:      layout_gridville
D:7:      layout_loops_ring, lemuel_mausoleum_altar_yredelemnul,
          marbit_many_paths, nicolae_uskayaw_murder_on_the_dancefloor,
          serial_shops, nicolae_shop_waterfront, kennysheep_little_box, shop,
          nicolae_shop_temple_entry_statues_fountains, nicolae_shop_crystal,
          corexii_checkpoint_a

Skill      XL: |  1  2  3  4  5  6  7  8  9 |
---------------+----------------------------+-----
Fighting       | 3 4 5 6 7 |  7.2
Unarmed Combat | 4 5 6 7 8 |  8.6
Throwing       | 2 4 |  4.0
Dodging        | |  2.6

Action                   |  1- 3 |  4- 6 |  7- 9 || total
-------------------------+-------+-------+-------++-------
Melee: Unarmed           |    83 |    91 |   158 ||   332
       Punch             |       |     3 |    11 ||    14
Invok: Trog's Hand       |       |     1 |     2 ||     3
       Berserk           |       |       |     1 ||     1
Armor: Animal skin       |    13 |       |       ||    13
       Robe              |    22 |    30 |    22 ||    74
Dodge: Dodged            |    34 |    52 |    51 ||   137

Table legend: (Time is in decaauts)
 A = Elapsed time spent in this place.
 B = Non-inter-level travel time spent in this place.
 C = Inter-level travel time spent in this place.
 D = Time resting spent in this place.
 E = Time spent auto-exploring this place.
 F = Levels seen in this place.
 G = Mean time per level.
                   A        B        C        D        E       F      G
               +--------+--------+--------+--------+--------+-----+--------+
         Total |   4913 |   4559 |    354 |    388 |   3383 |   7 |  701.9 |
       Dungeon |   4913 |   4559 |    354 |    388 |   3383 |   7 |  701.9 |
               +--------+--------+--------+--------+--------+-----+--------+

Top non-repeatable levels by time:
     D:4: 1035 daAuts
     D:3: 955 daAuts
     D:5: 782 daAuts
     D:6: 730 daAuts
     D:2: 694 daAuts
     D:1: 588 daAuts
     D:7: 126 daAuts
